 Dungeon Crawl Stone Soup version 0.12.2-6-g2b2ad49 (webtiles) character file.

3711 Sylpheed the Covert (level 9, -4/36 (39) HPs)
             Began as a Spriggan Enchanter on June 16, 2013.
             Was an Initiate of Ashenzari.
             Slain by a troll (16 damage)
             ... on Level 8 of the Dungeon.
             The game lasted 02:17:50 (18728 turns).

Sylpheed the Covert (Spriggan Enchanter)           Turns: 18728, Time: 02:17:50

HP  -4/36 (39)   AC  3     Str  7      XL: 9   Next: 68%
MP   5/27        EV 25     Int 20      God: Ashenzari [......]
Gold 449         SH  0     Dex 16      Spells:  3 memorised, 18 levels left

Res.Fire  : . . .   See Invis. : +   g - +0,+3 orc dagger (venom)
Res.Cold  : . . .   Warding    : .   b - +1 robe
Life Prot.: . . .   Conserve   : .   (shield restricted)
Res.Poison: .       Res.Corr.  : .   (helmet restricted)
Res.Elec. : .       Clarity    : .   (no cloak)
Sust.Abil.: . .     Spirit.Shd : .   (gloves unavailable)
Res.Mut.  : .       Stasis     : .   (boots unavailable)
Res.Rott. : .       Ctrl.Telep.: .   (no amulet)
Saprovore : . . .   Flight     : .   (no ring)
                                     p - +3 ring of intelligence

@: very quick, quite resistant to hostile enchantments, extremely stealthy
A: unfitting armour, see invisible, herbivore 3, speed 3, slow metabolism 2
a: Renounce Religion


You were on level 8 of the Dungeon.
You worshipped Ashenzari.
Ashenzari was noncommittal.
You were not hungry.

You visited 2 branches of the dungeon, and saw 9 of its levels.

You collected 429 gold pieces.

Inventory:

Hand weapons
 a - a +1,+1 dagger {=f}
 g - a +0,+3 orcish dagger of venom (weapon)
Missiles
 d - 12 darts (quivered)
 z - 5 curare-tipped needles
 H - 10 poisoned needles
Armour
 b - a +1 robe (worn)
Magical devices
 y - a wand of enslavement (7) {unknown}
 G - a wand of slowing (15) {unknown}
 I - a wand of digging (8) {unknown}
 J - a wand of confusion (15) {unknown}
Comestibles
 f - a bread ration
 m - a rambutan
 L - a choko
 M - 2 cheeses
Scrolls
 i - 8 scrolls of remove curse
 k - 2 scrolls of teleportation {unknown}
 n - a scroll of identify
 r - 2 scrolls of amnesia {unknown}
 s - a scroll of enchant weapon II {unknown}
 v - a scroll of noise {unknown}
 A - a scroll of curse jewellery
 B - a scroll of enchant weapon I {unknown}
 C - a scroll of acquirement {unknown}
 D - a scroll of magic mapping {unknown}
 E - 2 scrolls of immolation {unknown}
 K - a scroll of blinking {unknown}
 O - a scroll of curse weapon
Jewellery
 o - an uncursed ring of protection from fire
 p - a +3 ring of intelligence (left hand)
 w - an uncursed ring of protection from cold
Potions
 e - a potion of porridge
 h - 6 potions of curing
 j - 2 potions of resistance {unknown}
 l - 4 potions of heal wounds {unknown}
 q - a potion of agility {unknown}
 t - 2 potions of restore abilities {unknown}
 u - 2 potions of flight {unknown}
 x - a potion of speed
 F - a potion of degeneration {unknown}
 N - a potion of brilliance {unknown}
Books
 c - a book of Maledictions

   Spells                             Type                      Level
   *Corona                            Hexes                        1
   Sure Blade                         Hexes/Charms                 2
   *Ensorcelled Hibernation           Hexes/Ice                    2
   *Confuse                           Hexes                        3
   Enslavement                        Hexes                        4
   Invisibility                       Hexes                        6


   Skills:
 - Level 1.1 Short Blades
 - Level 1.1 Throwing
 + Level 10.0 Dodging
 + Level 10.4 Stealth
 - Level 10.0 Stabbing
 - Level 8.0 Spellcasting
 - Level 3.6 Hexes


You had 18 spell levels left.
You knew the following spells:

 Your Spells              Type           Power        Failure   Level  Hunger
a - Corona                Hex            ####....     1%          1    None
b - Ensorcelled Hibernat  Hex/Ice        ####...      10%         2    None
c - Confuse               Hex            ####.....    8%          3    None


Dungeon Overview and Level Annotations

Branches:
Dungeon (8/27)             Temple (1/1) D:7
    Orc: D:6-11        Lair: D:8-13

Altars:
Ashenzari
Cheibriados
Elyvilon
Fedhas
Kikubaaqudgha
Makhleb
Nemelex Xobeh
Okawaru
Sif Muna
Trog
Vehumet
Xom
Yredelemnul
Zin
the Shining One

Annotations
D:4 smajdalf's ghost, average MfGl


Innate Abilities, Weirdness & Mutations

You are tiny and cannot use many weapons and most armour.
You have supernaturally acute eyesight.
You are a herbivore.
You cover ground extremely quickly.
You need consume almost no food.


Message History

You feel a bit more experienced.
A troll comes into view.
A giant frog comes into view.
The giant frog croaks.
The troll misses you. The troll completely misses you. The troll misses you.
Casting: Confuse
Confirm with . or Enter, or press ? or * to list all spells.
Aiming: Ensorcelled Hibernation
Press: ? - help, Shift-Dir - straight line, f - troll
Aim: a troll The troll easily resists.
Casting: Ensorcelled Hibernation
Confirm with . or Enter, or press ? or * to list all spells.
Aiming: Confuse
Press: ? - help, Shift-Dir - straight line, f/p - troll
Aim: a troll The troll resists with some effort.
The troll completely misses you. The troll completely misses you.
The troll closely misses you.
You hit the troll but do no damage.
The troll is poisoned.
The troll bites you!
You die...

###
#############
....###
#...........#
.......
#.#########.#
#.##....##@#
#.#
........FT.#
##.#
#.##....####
#..# .......
#.## ####.##
#o# #. #.# #
#o# #5## #.)#


You could see a troll and a giant frog.

Vanquished Creatures
  A hill giant zombie (D:6)
  A hungry ghost (D:8)
  A necrophage (D:8)
  A sky beast (D:5)
  3 ice beasts
  3 orc warriors
  A hippogriff skeleton (D:6)
  An ogre (D:6)
  A water moccasin (D:6)
  A giant frog skeleton (D:6)
  10 giant frogs
  A water moccasin skeleton (D:5)
  2 vampire bats (D:3)
  4 hounds
  A gnoll shaman (D:6)
  2 orc priests (D:6)
  2 crimson imps
  A mottled dragon skeleton (D:7)
  2 scorpions
  A jelly (D:5)
  3 iguanas
  13 orc wizards
  2 worker ants
  A worker ant zombie (D:5)
  2 orange rats (D:8)
  2 green rats (D:8)
  9 adders
  5 gnolls
  A giant mite (D:2)
  5 worms
  7 grey rats (D:8)
  2 giant eyeballs
  A giant gecko (D:8)
  2 oozes (D:4)
  37 orcs
  2 ball pythons (D:1)
  25 bats
  22 goblins
  14 hobgoblins
  9 jackals
  14 kobolds
  4 giant cockroaches
  A giant gecko zombie (D:7)
  3 giant newts
  2 quokkas
  A quokka skeleton (D:4)
  30 rats
  A rat skeleton (D:3)
  4 ballistomycetes
  A butterfly (D:7)
265 creatures vanquished.

Vanquished Creatures (others)
  An orc (D:4)
  A goblin (D:6)
  A hobgoblin (D:4)
  A giant newt (D:4)
  2 giant spores
  3 rats
9 creatures vanquished.

Grand Total: 274 creatures vanquished

Notes
Turn   | Place    | Note
--------------------------------------------------------------
     0 | D:1      | Sylpheed, the Spriggan Enchanter, began the quest for the Orb.
     0 | D:1      | Reached XP level 1. HP: 9/9 MP: 4/4
   950 | D:1      | Reached XP level 2. HP: 13/13 MP: 7/7
  1096 | D:1      | Learned a level 2 spell: Ensorcelled Hibernation
  1945 | D:2      | Reached XP level 3. HP: 11/16 MP: 5/10
  3161 | D:2      | Reached XP level 4. HP: 13/21 MP: 11/13
  3509 | D:2      | Reached skill level 4 in Stabbing
  4437 | D:3      | Reached skill level 5 in Stabbing
  4437 | D:3      | Reached XP level 5. HP: 24/24 MP: 17/17
  5234 | D:4      | Reached skill level 5 in Spellcasting
  5634 | D:4      | Reached skill level 6 in Stabbing
  5634 | D:4      | Reached XP level 6. HP: 7/28 MP: 12/20
  5985 | D:4      | Learned a level 3 spell: Confuse
  6331 | D:4      | Noticed smajdalf's ghost (average MfGl)
  6818 | D:5      | Entered Level 5 of the Dungeon
  8418 | D:5      | Reached skill level 7 in Stabbing
  8555 | D:4      | Reached XP level 7. HP: 19/32 MP: 16/23
  8682 | D:4      | Paralysed by a giant eyeball for 3 turns
  9705 | D:5      | Reached skill level 8 in Stabbing
 10274 | D:6      | Noticed a hill giant zombie
 10317 | D:6      | Killed a hill giant zombie
 10317 | D:6      | Reached skill level 9 in Stabbing
 10317 | D:6      | Reached XP level 8. HP: 36/36 MP: 4/25
 11599 | D:6      | Reached skill level 10 in Stabbing
 12437 | D:6      | Reached skill level 5 in Stealth
 13467 | D:6      | Reached skill level 5 in Dodging
 13659 | D:6      | Reached XP level 9. HP: 27/39 MP: 13/27
 14394 | D:7      | Found a staircase to the Ecumenical Temple.
 14403 | Temple   | Entered the Ecumenical Temple
 14619 | Temple   | Became a worshipper of Ashenzari the Shackled
 14761 | D:7      | Found a shimmering altar of Xom.
 14761 | D:7      | Found a shimmering altar of Xom.
 14763 | D:7      | Found a shimmering altar of Xom.
 14780 | D:7      | Found a shimmering altar of Xom.
 14997 | D:7      | Paralysed by a giant eyeball for 2 turns
 15006 | D:7      | Paralysed by a giant eyeball for 3 turns
 15757 | D:7      | Found a radiant altar of Vehumet.
 15910 | D:7      | Found a snail-covered altar of Cheibriados.
 16698 | D:8      | HP: 1/36 [orc wizard/uncursed dwarven morningstar (5)]
 17699 | D:8      | Reached skill level 10 in Stealth
 17771 | D:8      | Found a glowing silver altar of Zin.
 18686 | D:8      | Reached skill level 10 in Dodging
 18728 | D:8      | Slain by a troll

Action                   |  1- 3 |  4- 6 |  7- 9 || total
-------------------------+-------+-------+-------++-------
Melee: Dagger            |   153 |   228 |   467 ||   848
 Cast: Corona            |    42 |    65 |     6 ||   113
       Ensorcelled Hiber |     5 |    35 |   119 ||   159
       Confuse           |       |     5 |   153 ||   158
Evoke: Wand              |       |     1 |       ||     1
  Use: Potion            |     2 |     1 |     1 ||     4
       Scroll            |       |     3 |     1 ||     4
 Stab: Sleeping          |     4 |    15 |    56 ||    75
       Confused          |       |     2 |    47 ||    49
       Distracted        |       |       |     2 ||     2
